 Dungeon Crawl Stone Soup version 0.29.0-4-gdea44cf6ec (webtiles) character file.

Game seed: 4781996606353328067

1090 qw the Grappler (level 8, -2/68 HPs)
             Began as a Ghoul Fire Elementalist on Aug 30, 2022.
             Slain by Eustachio
             ... wielding a +3 falchion of draining
              (7 damage)
             ... on level 5 of the Dungeon.
             The game lasted 00:03:34 (5514 turns).

qw the Grappler (Ghoul Fire Elementalist)           Turns: 5514, Time: 00:03:35

Health: -2/68      AC:  8    Str: 14    XL:     8   Next: 31%
Magic:  9/9        EV:  6    Int: 10    God:
Gold:   227        SH:  0    Dex:  9    Spells: 9/10 levels left

rFire   . . .      SeeInvis .     - Unarmed
rCold   + . .      Faith    .   (no shield)
rNeg    + + +      Spirit   .   k - +0 chain mail
rPois   inf        Reflect  .   (no helmet)
rElec   .          Harm     .   (no cloak)
rCorr   .          Rampage  .   (no gloves)
Will    .....                   (no boots)
Stlth   ..........              (no amulet)
HPRegen 0.00/turn               (no ring)
MPRegen 0.11/turn               (no ring)

@: inhibited regen
A: claws 1, cold resistance 1, negative energy resistance 3, inhibited
regeneration, torment resistance 2, devour on kill
a: no special abilities


You were on level 5 of the Dungeon.
You visited 1 branch of the dungeon, and saw 5 of its levels.

You collected 227 gold pieces.


Innate Abilities, Weirdness & Mutations

You are immune to poison.
You have sharp fingernails.
Your flesh is cold resistant. (rC+)
You are immune to negative energy. (rN+++)
You do not regenerate when monsters are visible.
You are immune to unholy pain and torment.
You thrive by killing the living.


   Skills:
 - Level 5.0 Fighting
 - Level 2.4 Armour
 - Level 1.7 Dodging
 - Level 2.1 Stealth
 + Level 8.2 Unarmed Combat
 - Level 1.7 Spellcasting
 - Level 0.7 Conjurations
 - Level 2.4 Fire Magic


You had 9 spell levels left.
You knew the following spells:

 Your Spells              Type           Power      Damage    Failure   Level
a - Foxfire               Conj/Fire      16%        2x1d4     99%         1

Your spell library contained the following spells:

 Spells                   Type           Power      Damage    Failure   Level
 Scorch                   Fire           10%        2d6       99%         2
 Conjure Flame            Conj/Fire      4%         6-21      100%        3
 Inner Flame              Hex/Fire       3%         N/A       100%        3
 Flame Wave               Conj/Fire      4%         2d5       100%        4

Inventory:

Armour
 k - a +0 chain mail (worn)
 o - a +0 pair of boots
Jewellery
 n - an amulet of guardian spirit
Scrolls
 b - a scroll of identify
 h - a scroll of enchant weapon
 m - a scroll of fear {unknown}
Potions
 a - a potion of haste {unknown}
 c - 2 potions of curing
 d - 2 potions of flight {unknown}
 e - a potion of cancellation {unknown}
 f - a potion of brilliance {unknown}
 g - 2 potions of lignification {unknown}
 i - a potion of degeneration {unknown}
 j - a potion of mutation {unknown}
 l - a potion of berserk rage {unknown}

Dungeon Overview and Level Annotations

Branches:
Dungeon (5/15)
 Temple: D:4-7

Altars:
Ashenzari
Kikubaaqudgha

Annotations:
D:5 Eustachio


Message History

There is an open door here.
Eustachio and a centaur come into view.
Eustachio is wielding a +3 falchion of draining and carrying a wand of flame (16).
Found a quarterstaff.
The centaur shouts!
The centaur wields a +0 shortbow.
The centaur shoots an arrow.
The arrow hits you.
Eustachio mumbles some strange words.
Eustachio blinks!
Enter note:
Enter note: An ufetubus comes into view.
The ufetubus shouts!
The centaur shoots an arrow.
The arrow hits you!
Eustachio casts a spell.
Enter note: The centaur shoots an arrow.
The arrow hits you.
The centaur shoots an arrow.
The arrow hits you. The iron imp hits you.
The centaur shoots an arrow.
The arrow hits you but does no damage.
You barely miss Eustachio. Your claw misses Eustachio. The ufetubus hits you.
The ufetubus barely misses you.
Eustachio zaps a wand.
The puff of flame hits you.
The centaur shoots an arrow.
The arrow hits you! The iron imp barely misses you.
You closely miss Eustachio.
The ufetubus hits you but does no damage.
The ufetubus completely misses you.
The centaur shoots an arrow.
The arrow hits you.
Eustachio utters an oath, "I will die for my friends!"
Eustachio hits you with a +3 falchion of draining!
The iron imp closely misses you.
5513 ||| Stepping ~*~*~tactically~*~*~ (outnumbered).
Eustachio attacks as you move away!
Eustachio hits you with a +3 falchion of draining!
The centaur shoots an arrow.
The arrow hits you.
The centaur shoots an arrow.
The arrow barely misses you.
You barely miss Eustachio.
The centaur shoots an arrow.
The arrow hits you.
The shadow imp lashes its tail.
Eustachio hits you with a +3 falchion of draining!
You die...

...........####.....#
###).#.....# #.....# ......######
#.....# .##...# #.....# #########
###...# #.....# #.[.....#
#.....### #.....#####.......#
......... +.....'...........#
#.#.......#####.....#####.......#
#......##......@@...# #.......#
'......##.....555..## #.......#
#......##.....5....# #.......#
'......##.......^..# #.......#
#......##..........# #.......'
#......##...#......# #.......#
#......+....+...c..# #########
#......##.. #..)...# # #......##.
#......# #


You could see Eustachio, a centaur, 2 iron imps, a shadow imp (summoned) and an
ufetubus.

Vanquished Creatures
  Grinder (D:5)
  Sigmund (D:2)
  A water moccasin (D:5)
  An ogre (D:5)
  Blork the orc (D:5)
  A bullfrog (D:5)
  2 hounds
  An orc priest (D:3)
  5 iguanas
  3 orc wizards
  4 adders
  An ufetubus (D:5)
  3 dart slugs
  17 orcs
  5 ball pythons
  3 bats
  6 endoplasms
  3 giant cockroaches
  7 hobgoblins
  6 jackals (D:4)
  2 quokkas (D:2)
  4 goblins
  A kobold (D:2)
  8 rats
87 creatures vanquished.

Vanquished Creatures (others)
  11 withered plants (D:3)
11 creatures vanquished.

Grand Total: 98 creatures vanquished

Notes
Turn   | Place    | Note
-------+----------+-------------------------------------------
     0 | D:1      | qw the Ghoul Fire Elementalist began the quest for the Orb.
     0 | D:1      | Reached XP level 1. HP: 14/14 MP: 2/2
     0 | D:1      | 0 ||| qw: Version: 0.1-a-90-g952f4b7
     0 | D:1      | 0 ||| qw: Game counter: 4298
     0 | D:1      | 0 ||| qw: Always use a shield: true
     0 | D:1      | 0 ||| qw: God list: Okawaru
     0 | D:1      | 0 ||| qw: Allow faded altars: false
     0 | D:1      | 0 ||| qw: Do Orc after D:15 true
     0 | D:1      | 0 ||| qw: Do second Lair branch before Depths: true
     0 | D:1      | 0 ||| qw: Lair rune preference: random
     0 | D:1      | 0 ||| qw: Plans: Normal
     0 | D:1      | 0 ||| PLANNING D:1-11
   328 | D:1      | Reached skill level 1 in Unarmed Combat
   421 | D:1      | Reached skill level 1 in Fighting
   421 | D:1      | Reached XP level 2. HP: 15/23 MP: 3/3
  1043 | D:1      | Found a faded altar of an unknown god.
  1515 | D:1      | 1515 ||| UPGRADING to +0 scale mail.
  1525 | D:1      | 1525 ||| DROPPING +0 robe.
  1526 | D:1      | 1526 ||| READING scroll labelled XUTZEOSTR AGUSE.
  1527 | D:1      | 1527 ||| READING scroll labelled QEACLE HEQI.
  1528 | D:1      | 1528 ||| READING scroll labelled ESYJON XAHONAU.
  1529 | D:1      | 1529 ||| DRINKING 2 purple potions.
  1530 | D:1      | 1530 ||| DROPPING potion of magic.
  1723 | D:2      | Reached skill level 2 in Unarmed Combat
  1811 | D:2      | 1811 ||| Stepping ~*~*~tactically~*~*~ (stealth).
  1817 | D:2      | 1817 ||| Stepping ~*~*~tactically~*~*~ (outnumbered).
  1820 | D:2      | 1820 ||| Stepping ~*~*~tactically~*~*~ (outnumbered).
  1823 | D:2      | 1823 ||| Stepping ~*~*~tactically~*~*~ (outnumbered).
  1824 | D:2      | 1824 ||| Stepping ~*~*~tactically~*~*~ (outnumbered).
  1826 | D:2      | 1826 ||| Stepping ~*~*~tactically~*~*~ (outnumbered).
  1833 | D:2      | Reached XP level 3. HP: 24/28 MP: 4/4
  1900 | D:2      | 1900 ||| Stepping randomly (stuck).
  2002 | D:2      | Noticed Sigmund
  2003 | D:2      | 2003 ||| Stepping ~*~*~tactically~*~*~ (hiding).
  2017 | D:2      | Killed Sigmund
  2018 | D:2      | Reached skill level 5 in Unarmed Combat
  2018 | D:2      | Reached XP level 4. HP: 26/35 MP: 5/5
  2018 | D:2      | Reached XP level 5. HP: 29/40 MP: 6/6
  2277 | D:2      | 2277 ||| READING scroll labelled ZUGAM GUGAJU.
  2407 | D:3      | 2407 ||| Stepping ~*~*~tactically~*~*~ (outnumbered).
  2466 | D:3      | 2466 ||| Stepping ~*~*~tactically~*~*~ (outnumbered).
  2468 | D:3      | 2468 ||| Stepping ~*~*~tactically~*~*~ (outnumbered).
  2469 | D:3      | 2469 ||| Stepping ~*~*~tactically~*~*~ (outnumbered).
  2470 | D:3      | 2470 ||| Stepping ~*~*~tactically~*~*~ (outnumbered).
  2471 | D:3      | 2471 ||| Stepping ~*~*~tactically~*~*~ (outnumbered).
  2472 | D:3      | 2472 ||| Stepping ~*~*~tactically~*~*~ (outnumbered).
  2483 | D:3      | Reached XP level 6. HP: 42/48 MP: 7/7
  2930 | D:3      | 2930 ||| Stepping ~*~*~tactically~*~*~ (hiding).
  2963 | D:3      | Reached skill level 6 in Unarmed Combat
  3010 | D:3      | Found an ancient bone altar of Kikubaaqudgha.
  3185 | D:3      | Found a broken altar of Ashenzari.
  3231 | D:3      | 3231 ||| UPGRADING to +0 chain mail.
  3241 | D:3      | 3241 ||| DROPPING +0 scale mail.
  3242 | D:3      | 3242 ||| READING scroll labelled LIURIE UMITO.
  3306 | D:4      | 3306 ||| Stepping ~*~*~tactically~*~*~ (stealth).
  3344 | D:4      | 3344 ||| Stepping ~*~*~tactically~*~*~ (stealth).
  3366 | D:4      | Reached skill level 1 in Armour
  3379 | D:4      | 3379 ||| FLEEEEING.
  3431 | D:4      | 3431 ||| FLEEEEING.
  3432 | D:4      | 3432 ||| FLEEEEING.
  3433 | D:4      | 3433 ||| FLEEEEING.
  3437 | D:4      | 3437 ||| FLEEEEING.
  3444 | D:4      | 3444 ||| STAIRDANCE
  3617 | D:4      | 3617 ||| Stepping ~*~*~tactically~*~*~ (stealth).
  3641 | D:4      | HP: 12/48 [iguana (6)]
  3935 | D:4      | Reached skill level 3 in Fighting
  4003 | D:4      | 4003 ||| Stepping ~*~*~tactically~*~*~ (stealth).
  4009 | D:4      | 4009 ||| Stepping ~*~*~tactically~*~*~ (hiding).
  4026 | D:4      | Reached XP level 7. HP: 57/57 MP: 8/8
  4050 | D:4      | 4050 ||| Stepping ~*~*~tactically~*~*~ (stealth).
  4057 | D:4      | 4057 ||| Stepping ~*~*~tactically~*~*~ (stealth).
  4058 | D:4      | 4058 ||| Stepping ~*~*~tactically~*~*~ (stealth).
  4068 | D:4      | 4068 ||| Stepping ~*~*~tactically~*~*~ (outnumbered).
  4140 | D:4      | 4140 ||| Stepping ~*~*~tactically~*~*~ (stealth).
  4141 | D:4      | 4141 ||| Stepping ~*~*~tactically~*~*~ (stealth).
  4148 | D:4      | 4148 ||| Stepping ~*~*~tactically~*~*~ (outnumbered).
  4309 | D:4      | 4309 ||| Stepping ~*~*~tactically~*~*~ (outnumbered).
  4310 | D:4      | 4310 ||| Stepping ~*~*~tactically~*~*~ (outnumbered).
  4312 | D:4      | 4312 ||| Stepping ~*~*~tactically~*~*~ (outnumbered).
  4759 | D:4      | 4759 ||| DROPPING +6 ring of intelligence.
  4760 | D:4      | 4760 ||| READING 2 scrolls of identify.
  4760 | D:4      | 4760 ||| IDENTIFYING clear potion
  4761 | D:4      | 4761 ||| DROPPING potion of invisibility.
  4771 | D:5      | Entered Level 5 of the Dungeon
  4836 | D:5      | Noticed Blork the orc
  4837 | D:5      | 4837 ||| Stepping ~*~*~tactically~*~*~ (hiding).
  4849 | D:5      | Killed Blork the orc
  4850 | D:5      | Reached skill level 7 in Unarmed Combat
  5014 | D:5      | Reached skill level 8 in Unarmed Combat
  5297 | D:5      | Noticed Grinder
  5312 | D:5      | Killed Grinder
  5313 | D:5      | Reached XP level 8. HP: 51/68 MP: 9/9
  5507 | D:5      | Noticed Eustachio
  5512 | D:5      | HP: 17/68 [Eustachio/+3 falchion of draining (9)]
  5513 | D:5      | 5513 ||| Stepping ~*~*~tactically~*~*~ (outnumbered).
  5513 | D:5      | HP: 8/68 [Eustachio/+3 falchion of draining (9)]
  5514 | D:5      | Slain by Eustachio

Levels and vault maps discovered:
D:1:      dpeg_arrival_tiny_a, layout_basic, shapermc_ecumenical_altar_rom_forum
D:2:      layout_basic, serial_glass, glass_columns_a, glass_columns_b,
          feat_on_display, feat_on_display, item_on_display_a, uniq_sigmund
D:3:      layout_basic, mainiacjoe_overflow_alcove_4, kiku_gazebo_garden_becter,
          st_stairs_1
D:4:      layout_loops_ring
D:5:      layout_basic, uniq_eustachio, uniq_grinder, uniq_blork_the_orc

Skill      XL: |  1  2  3  4  5  6  7  8 |
---------------+-------------------------+-----
Unarmed Combat | 1 2 5 6 8 |  8.2
Fighting       | 1 2 3 5 |  5.0
Armour         | 1 2 |  2.4
Dodging        | |  1.7
Stealth        | |  2.1
Spellcasting   | |  1.7
Conjurations   | |  0.7
Fire Magic     | |  2.4

Action                   |  1- 3 |  4- 6 |  7- 9 || total
-------------------------+-------+-------+-------++-------
Melee: Unarmed           |   122 |   108 |   115 ||   345
       Punch             |     1 |     4 |     1 ||     6
Throw: Boomerang         |       |    21 |       ||    21
  Use: Scroll            |     3 |     2 |     1 ||     6
       Potion            |     1 |       |       ||     1
Armor: Robe              |    13 |       |       ||    13
       Scale mail        |    16 |     6 |       ||    22
       Chain mail        |       |    36 |    41 ||    77
Dodge: Dodged            |    65 |    25 |    28 ||   118

Table legend:
 A = Non-vault XP
 B = Vault XP
 C = Vault XP percentage of total XP
 D = Non-vault monster count
 E = Vault monster count
 F = Vault count percentage of total count
                 A         B        C        D         E       F
            +---------+---------+-------+---------+---------+-------
      Total |     964 |     594 |  38.1 |      82 |       5 |   5.7
            +---------+---------+-------+---------+---------+-------
        D:1 |      19 |       0 |   0.0 |      12 |       0 |   0.0
        D:2 |      28 |     223 |  88.8 |      16 |       1 |   5.9
        D:3 |     125 |       3 |   2.3 |      18 |       2 |  10.0
        D:4 |     324 |       0 |   0.0 |      28 |       0 |   0.0
        D:5 |     468 |     368 |  44.0 |       8 |       2 |  20.0
            +---------+---------+-------+---------+---------+-------
